 Dungeon Crawl Stone Soup version 0.29-a0-43-g62a80824bf (webtiles) character file.

Game seed: 6151849960313744968

40 zazu2006 the Magician (level 3, -1/28 HPs)
             Began as a Naga Hedge Wizard on Feb 3, 2022.
             Slain by a black bear (2 damage)
             ... on level 2 of the Dungeon.
             The game lasted 00:02:21 (1496 turns).

zazu2006 the Magician (Naga Hedge Wizard)           Turns: 1496, Time: 00:02:22

Health: -1/28      AC:  3    Str: 12    XL:     3   Next: 50%
Magic:  0/8        EV: 10    Int: 16    God:
Gold:   38         SH:  0    Dex: 10    Spells: 0/9 levels left

rFire   . . .      SeeInvis +   f - +3 dagger
rCold   . . .      Faith    .   (no shield)
rNeg    . . .      Spirit   .   b - +0 robe
rPois   +          Reflect  .   c - +0 hat
rElec   .          Harm     .   (no cloak)
rCorr   .          Rampage  .   e - +0 pair of gloves
Will    .....                   (no barding)
Stlth   ++........              (no amulet)
HPRegen 0.09/turn               (no ring)
MPRegen 0.11/turn               (no ring)

@: about to teleport, very slightly contaminated, very slow
A: AC +1, large, see invisible, deformed body, poison resistance, slowness 2,
spit poison 1, naga tail 1
a: Spit Poison


You were on level 2 of the Dungeon.
You visited 1 branch of the dungeon, and saw 2 of its levels.

You collected 38 gold pieces.

Inventory:

Hand Weapons
 f - a +3 dagger (weapon)
Armour
 b - a +0 robe (worn)
 c - a +0 hat (worn)
 e - a +0 pair of gloves (worn)
Jewellery
 a - a ring of willpower
Scrolls
 d - a scroll of teleportation
 g - a scroll of fog {unknown}
 h - a scroll of noise {unknown}


   Skills:
 + Level 1.8 Dodging
 + Level 3.1 Stealth
 + Level 3.9 Spellcasting
 + Level 1.1 Conjurations
 + Level 1.0 Summonings
 + Level 1.0 Translocations
 * Level 0.2 Poison Magic


You couldn't memorise any spells.
You knew the following spells:

 Your Spells              Type           Power      Damage    Failure   Level
a - Magic Dart            Conj           24%        1d4       11%         1
b - Conjure Flame         Conj/Fire      5%         6-21      36%         3
c - Mephitic Cloud        Conj/Pois/Air  4%         N/A       38%         3
d - Blink                 Tloc           12%        N/A       17%         2

Your spell library contained the following spells:

 Spells                   Type           Power      Damage    Failure   Level
 Slow                     Hex            12%        N/A       17%         1
 Call Imp                 Summ           6%         N/A       17%         2


Dungeon Overview and Level Annotations

Branches:
Dungeon (2/15)

Altars:


Innate Abilities, Weirdness & Mutations

Your serpentine skin is tough. (AC +1)
You have supernaturally acute eyesight. (SInv)
Armour fits poorly on your strangely shaped body.
Your system is resistant to poisons. (rPois)
You cover ground very slowly.
You can spit poison.
You have a snake-like lower body.


Message History

Confirm with . or Enter, or press ? or * to list all spells.
The spell is extremely dangerous to miscast (36% risk of failure)!
Continue anyway?
Okay, then.
Casting: Conjure Flame (extremely dangerous; 36% risk of failure)
Confirm with . or Enter, or press ? or * to list all spells.
The spell is extremely dangerous to miscast (36% risk of failure)!
Continue anyway?
Okay, then.
Casting: Conjure Flame (extremely dangerous; 36% risk of failure)
Confirm with . or Enter, or press ? or * to list all spells.
The spell is extremely dangerous to miscast (36% risk of failure)!
Continue anyway?
The fire begins to smoulder!
Casting: Conjure Flame (extremely dangerous; 36% risk of failure)
Confirm with . or Enter, or press ? or * to list all spells.
The spell is extremely dangerous to miscast (36% risk of failure)!
Continue anyway?
You miscast Conjure Flame.
You are very lightly contaminated with residual magic.
You feel a strange surge of energy!
You smother the flame.
Casting: Conjure Flame (extremely dangerous; 36% risk of failure)
Confirm with . or Enter, or press ? or * to list all spells.
You don't have enough magic to cast this spell.
The black bear bites you. The black bear claws you. x2
The black bear bites you.
* * * LOW HITPOINT WARNING * * *
The black bear misses you. The black bear barely misses you.
Casting: Conjure Flame (extremely dangerous; 36% risk of failure)
Confirm with . or Enter, or press ? or * to list all spells.
The spell is extremely dangerous to miscast (36% risk of failure)!
Continue anyway?
The fire begins to smoulder!
The black bear closely misses you. The black bear claws you.
* * * LOW HITPOINT WARNING * * *
The black bear claws you.
* * * LOW HITPOINT WARNING * * *
Unknown command.
You aren't carrying any potions.
As you read the scroll labelled WOINGO NEBB, it crumbles to dust.
You feel strangely unstable.
It was a scroll of teleportation.
The black bear bites you.
* * * LOW HITPOINT WARNING * * *
The black bear completely misses you. The black bear claws you.
You die...

.....#...<.
........######.#....†......
.......?.#.....##..?.......
...........................
...........................
...............##..........
...............##..........
...............##$........#
#......<..@h...............
...............#########
...............#
...............#
..........######
..........# #........##
#.......## .##..##


You could see a black bear.

Vanquished Creatures
  A gnoll (D:1)
  An adder (D:2)
  A dart slug (D:2)
  A ball python (D:1)
  An endoplasm (D:1)
  3 giant cockroaches
  2 hobgoblins (D:1)
  4 kobolds (D:1)
  A quokka (D:1)
  3 bats
  2 frilled lizards (D:1)
20 creatures vanquished.

Notes
Turn   | Place    | Note
-------+----------+-------------------------------------------
     0 | D:1      | zazu2006 the Naga Hedge Wizard began the quest for the Orb.
     0 | D:1      | Reached XP level 1. HP: 15/15 MP: 4/4
   136 | D:1      | Found a faded altar of an unknown god.
   229 | D:1      | Reached XP level 2. HP: 5/22 MP: 0/6
   873 | D:1      | Reached XP level 3. HP: 28/28 MP: 0/8
   877 | D:1      | Learned a level 3 spell: Conjure Flame
   881 | D:1      | Learned a level 3 spell: Mephitic Cloud
   884 | D:1      | Learned a level 2 spell: Blink
  1428 | D:2      | Noticed a black bear
  1496 | D:2      | HP: 1/28 [black bear (3)]
  1496 | D:2      | Slain by a black bear

Illustrated notes

Levels and vault maps discovered:
D:1:      ncdulo_wetmaze, layout_basic, hellmonk_ecumenical_altar_zigzags
D:2:      layout_rooms, chequers_serial_rivers_small_a,
          hangedman_abyss_or_decor_stabs, uniq_sigmund

Action                   || total
-------------------------++-------
Melee: Dagger            ||     7
       Punch             ||     1
 Cast: Magic Dart        ||    50
       Conjure Flame     ||     2
 Abil: Spit Poison       ||    12
  Use: Scroll            ||     1
Armor: Robe              ||     5
Dodge: Dodged            ||    12

Table legend: (Time is in decaauts)
 A = Elapsed time spent in this place.
 B = Non-inter-level travel time spent in this place.
 C = Inter-level travel time spent in this place.
 D = Time resting spent in this place.
 E = Time spent auto-exploring this place.
 F = Levels seen in this place.
 G = Mean time per level.
                   A        B        C        D        E       F      G
               +--------+--------+--------+--------+--------+-----+--------+
         Total |   1777 |   1710 |     67 |      2 |   1468 |   2 |  888.5 |
       Dungeon |   1777 |   1710 |     67 |      2 |   1468 |   2 |  888.5 |
               +--------+--------+--------+--------+--------+-----+--------+

Top non-repeatable levels by time:
     D:1: 1595 daAuts
     D:2: 182 daAuts
